 Dungeon Crawl Stone Soup version 0.29.1-2-gbd0b4ee654 (webtiles) character file.

Game seed: 6210272992670872901

48 DildoBatman the Conjurer (level 4, -2/31 HPs)
             Began as a Formicid Conjurer on Nov 22, 2022.
             Succumbed to an adder's poison
             ... on level 3 of the Dungeon.
             The game lasted 00:03:15 (1713 turns).

DildoBatman the Conjurer (Formicid Conjurer)        Turns: 1713, Time: 00:03:15

Health: -2/31      AC:  2    Str: 12    XL:     4   Next: 0%
Magic:  0/7        EV: 12    Int: 19    God:
Gold:   123        SH:  0    Dex: 12    Spells: 4/7 levels left

rFire   . . .      SeeInvis +   f - +0 mace
rCold   . . .      Faith    .   (no shield)
rNeg    . . .      Spirit   .   a - +0 robe
rPois   .          Reflect  .   (helmet unavailable)
rElec   .          Harm     .   (no cloak)
rCorr   .          Rampage  .   (no gloves)
Will    .....                   (no boots)
Stlth   ++........              (no amulet)
HPRegen 0.10/turn               (no ring)
MPRegen 0.10/turn               (no ring)

@: lethally poisoned (-2 -> -15)
A: permanent stasis, dig shafts and tunnels, antennae 3, four strong arms
a: Dig, Shaft Self


You were on level 3 of the Dungeon.
You visited 1 branch of the dungeon, and saw 3 of its levels.

You collected 123 gold pieces.

Inventory:

Hand Weapons
 f - a +0 mace (weapon)
Missiles
 c - 16 stones
Armour
 a - a +0 robe (worn)
Magical Staves
 l - a staff of cold
Scrolls
 e - a scroll of identify {unknown}
 g - a scroll of fear {unknown}
 h - a scroll of silence {unknown}
 i - a scroll of teleportation {unknown}
 j - a scroll of immolation {unknown}
 n - a scroll of enchant armour {unknown}
Potions
 b - 2 potions of magic
 d - a potion of might {unknown}
 k - a potion of berserk rage {unknown}
 m - a potion of flight {unknown}
 o - a potion of attraction {unknown}


   Skills:
 * Level 0.5 Fighting
 * Level 0.4 Armour
 * Level 1.9 Dodging
 - Level 2.4 Stealth
 * Level 2.3 Spellcasting
 * Level 4.5 Conjurations


You had 4 spell levels left.
You knew the following spells:

 Your Spells              Type           Power      Damage    Failure   Level
a - Searing Ray           Conj           38%        2d5       3%          2
c - Magic Dart            Conj           76%        1d6       2%          1

Your spell library contained the following spells:

 Spells                   Type           Power      Damage    Failure   Level
 Dazzling Flash           Conj/Hex       20%        N/A       19%         3
 Call Canine Familiar     Summ           2%         N/A       43%         3
 Portal Projectile        Hex/Tloc       4%         N/A       43%         3
 Fulminant Prism          Conj/Hex       5%         3d7       54%         4
 Iskenderun's Mystic Bla  Conj/Tloc      10%        2d4       54%         4
 Leda's Liquefaction      Hex/Erth       1%         N/A       85%         4


Dungeon Overview and Level Annotations

Branches:
Dungeon (3/15)

Altars:


Innate Abilities, Weirdness & Mutations

You cannot be hasted, slowed, berserked, paralysed or teleported.
You can dig through walls and to a lower floor.
You have a pair of large antennae on your head. (SInv)
Your four strong arms can wield two-handed weapons with a shield.


Message History

The magic dart hits the orc.
You kill the orc!
The adder bites you.
You have reached level 4!
You feel stronger.
Okay, then.
Unknown command.
What are your orders? t - Shout!
Orders for allies: a - Attack new target. r - Retreat! s - Stop attacking. g - Guard the area. f - Follow me.
Anything else - Cancel.
You shout for attention!
You hear a shout! x2
The adder bites you.
You are poisoned.
The adder poisons you!
An orc comes into view. It is wielding a +0 short sword.
What are your orders? t - Shout!
Orders for allies: a - Attack new target. r - Retreat! s - Stop attacking. g - Guard the area. f - Follow me.
Anything else - Cancel.
You shout for attention!
You feel sick.
You hear an angry hiss.
The adder bites you.
You are more poisoned.
The adder poisons you! The adder bites you. What are your orders? t - Shout!
Orders for allies: a - Attack new target. r - Retreat! s - Stop attacking. g - Guard the area. f - Follow me.
Anything else - Cancel.
You shout for attention!
You die...

#.#.# #...# #...#### #
#####...##.##.#
#.......).....#
#.###..###.#.##
########.###..# #.# ..
#.............###.####
#..@S...............
......)###.####.###.####
#.####. #.# #.# #.# #.
#.# #.###.#### #. #.#
##......... #o
.#............. .. #
##########.## #. #.# #.#


You could see an adder and an orc.

Vanquished Creatures
  2 worms (D:2)
  2 dart slugs
  2 orcs (D:3)
  6 ball pythons
  An endoplasm (D:1)
  A giant cockroach (D:1)
  2 goblins
  3 hobgoblins
  A quokka (D:2)
  6 bats
  3 kobolds (D:1)
  5 rats
34 creatures vanquished.

Vanquished Creatures (others)
  2 plants (D:2)
2 creatures vanquished.

Grand Total: 36 creatures vanquished

Notes
Turn   | Place    | Note
-------+----------+-------------------------------------------
     0 | D:1      | DildoBatman the Formicid Conjurer began the quest for the
                  | Orb.
     0 | D:1      | Reached XP level 1. HP: 13/13 MP: 3/3
   214 | D:1      | Reached skill level 4 in Conjurations
   214 | D:1      | Reached XP level 2. HP: 19/19 MP: 1/5
   217 | D:1      | Learned a level 2 spell: Searing Ray
   720 | D:1      | Reached XP level 3. HP: 24/24 MP: 2/6
  1073 | D:2      | Found a faded altar of an unknown god.
  1711 | D:3      | Reached XP level 4. HP: 9/31 MP: 0/7
  1712 | D:3      | HP: 1/31 [adder (4)]
  1713 | D:3      | Succumbed to an adder's poison

Illustrated notes

Levels and vault maps discovered:
D:1:      dpeg_arrival_three_same_balls, layout_basic
D:2:      layout_loops_ring, shapermc_ecumenical_altar_hornbeckon
D:3:      layout_loops_ring, mainiacjoe_overflow_paths,
          nicolae_overflow_crystal_walls, cheibriados_altar_1, uniq_robin,
          uniq_ijyb

Skill      XL: |  1 |
---------------+----+-----
Conjurations   | 4 |  4.5
Fighting       | |  0.5
Armour         | |  0.4
Dodging        | |  1.9
Stealth        | |  2.4
Spellcasting   | |  2.3

Action                   |  1- 3 |  4- 6 || total
-------------------------+-------+-------++-------
Melee: Unarmed           |    12 |       ||    12
       Mace              |    54 |       ||    54
 Cast: Magic Dart        |    44 |       ||    44
       Searing Ray       |     3 |       ||     3
 Stab: Sleeping          |     4 |       ||     4
Armor: Robe              |    12 |       ||    12
Dodge: Dodged            |    44 |       ||    44
